 Dungeon Crawl Stone Soup version 0.29-a0-506-ga2e7fffb44 (webtiles) character file.

Game seed: 4126529479377488405

417 spaghetti the Ruffian (level 6, -8/53 HPs)
             Began as a Gnoll Berserker on May 28, 2022.
             Was a Believer of Trog.
             Mangled by an ogre
             ... wielding a +0 giant spiked club
              (37 damage)
             ... on level 5 of the Dungeon.
             The game lasted 00:04:58 (4323 turns).

spaghetti the Ruffian (Gnoll Berserker)             Turns: 4323, Time: 00:04:58

Health: -8/53      AC:  5    Str: 18    XL:     6   Next: 92%
Magic:  9/9        EV: 13    Int:  7    God:    Trog [**....]
Gold:   192        SH:  0    Dex: 11    Spells: 9/9 levels left

rFire   . . .      SeeInvis .   d - +1 trident (venom) {polearm}
rCold   . . .      Faith    .   (no shield)
rNeg    . . .      Spirit   .   a - +0 animal skin
rPois   .          Reflect  .   r - +2 helmet
rElec   .          Harm     .   (no cloak)
rCorr   .          Rampage  .   (no gloves)
Will    .....                   (no boots)
Stlth   ++........              (no amulet)
HPRegen 0.17/turn               (no ring)
MPRegen 0.11/turn               (no ring)

@: no status effects
A: fangs 1, strong nose, distributed training
a: Renounce Religion, Berserk, Trog's Hand


You were on level 5 of the Dungeon.
You worshipped Trog.
Trog was pleased with you.
You visited 1 branch of the dungeon, and saw 5 of its levels.

You collected 214 gold pieces.
You spent 22 gold pieces at shops.


Innate Abilities, Weirdness & Mutations

You have very sharp teeth.
Your uncanny sense of smell can sniff out nearby items.
Your experience applies equally to all skills.


   Skills:
 + Level 6.9 Fighting
 + Level 2.1 Short Blades
 + Level 2.1 Long Blades
 + Level 2.1 Axes
 + Level 2.1 Maces & Flails
 + Level 2.1 Polearms
 + Level 2.1 Staves
 + Level 2.1 Slings
 + Level 2.1 Bows
 + Level 2.1 Crossbows
 + Level 2.1 Throwing
 + Level 5.1 Armour
 + Level 5.1 Dodging
 + Level 2.1 Stealth
 + Level 2.1 Shields
 + Level 6.9 Unarmed Combat
 + Level 2.1 Spellcasting
 + Level 1.7 Conjurations
 + Level 1.7 Hexes
 + Level 1.7 Summonings
 + Level 1.7 Necromancy
 + Level 1.7 Translocations
 + Level 1.7 Transmutations
 + Level 1.7 Fire Magic
 + Level 1.7 Ice Magic
 + Level 1.7 Air Magic
 + Level 1.7 Earth Magic
 + Level 1.7 Poison Magic
 + Level 2.4 Invocations
 + Level 2.1 Evocations


You had 9 spell levels left.
You didn't know any spells.
Your spell library contained the following spells:

 Spells                   Type           Power      Damage    Failure   Level
 Magic Dart               Conj           12%        1d3       19%         1
 Call Imp                 Summ           3%         N/A       28%         2
 Mephitic Cloud           Conj/Pois/Air  3%         N/A       50%         3
 Fireball                 Conj/Fire      1%         3d3       99%         5
 Starburst                Conj/Fire      1%         6d3       100%        6
 Ignition                 Fire           1%         3d3       100%        8

Inventory:

Hand Weapons
 d - a +1 trident of venom (weapon) {polearm}
   (You took it off an orc on level 3 of the Dungeon)
Missiles
 c - 108 stones (quivered) {throwing}
 e - 5 javelins {throwing}
 g - a throwing net {=f!fthrowing}
 h - 8 boomerangs {throwing}
 q - a silver boomerang {throwing}
Armour
 a - a +0 animal skin (worn)
 r - a +2 helmet (worn)
   (You found it on level 4 of the Dungeon)
Wands
 s - a wand of acid (7)
   (You found it on level 4 of the Dungeon)
Scrolls
 b - 2 scrolls of fear
 i - a scroll of noise {!r}
 j - 2 scrolls of enchant armour
 k - a scroll of amnesia
 m - a scroll of poison {!r}
 n - a scroll of vulnerability {unknown}
 o - 3 scrolls of fog
Potions
 f - a potion of haste {@q3}
 l - a potion of berserk rage {unknown}
 p - a potion of ambrosia {unknown}

Dungeon Overview and Level Annotations

Branches:
Dungeon (5/15)
 Temple: D:4-7

Altars:
Gozag
The Shining One

Shops:
D:2 (   D:4 (

Annotations:
D:4 exclusion: 3 training dummies

#.# .# (.
#.#####.# ...
#####.......#
#... ...#.[.....#
#.(###.........#
###..........)..#
#.....##........#
......O#..<.....#
.......@#.....<.#
........#.....(.#
........#.......#
........#.......#
........##...##.#
.!......####.. .#
.......## ##. #
#....>#


You could see an ogre (extremely poisoned).


Message History

Key pressed, stopping explore.
You open the door.
Found a glowing golden altar of the Shining One.
There is an open door here.
There is a glowing golden altar of the Shining One here.
You now have 192 gold pieces (gained 12).
You open the door.
The jackal barks!
A jackal is nearby!
A jackal is nearby!
A jackal is nearby!
A jackal is nearby!
You throw a stone {throwing}.
The stone {throwing} barely misses the jackal.
An endoplasm comes into view.
A quokka comes into view.
You reach to attack!
You barely miss the jackal.
The jackal bites you but does no damage.
You hit the jackal.
The jackal is poisoned.
You kill the jackal!
Trog accepts your kill.
You throw a stone {throwing}.
The stone {throwing} hits the endoplasm.
You throw a stone {throwing}.
The stone {throwing} hits the endoplasm.
You throw a stone {throwing}.
The stone {throwing} hits the endoplasm.
You kill the endoplasm!
Trog accepts your kill.
You reach to attack!
You hit the quokka.
The quokka is poisoned.
You hit the quokka.
You kill the quokka!
Trog accepts your kill.
No target in view!
No target in view!
No target in view!
No target in view!
No target in view!
No target in view!
No target in view!
No target in view!
No target in view!
No target in view!
No target in view!
No target in view!
No target in view!
No target in view!
No target in view!
No target in view!
No target in view!
No target in view!
Found a stone staircase leading down.
There is an open door, spattered with blood here.
You see here a quokka corpse.
c - 111 stones {throwing} (gained 1)
c - 112 stones {throwing} (gained 1)
c - 113 stones {throwing} (gained 1) Key pressed, stopping explore.
Key pressed, stopping explore.
Found a stone staircase leading down.
No target in view!
Key pressed, stopping explore.
Key pressed, stopping explore.
Key pressed, stopping explore.
Partly explored, can't reach some items.
(D) Dungeon
Where to? (Enter - D:4 @ (x,y), ? - help)
There is a stone staircase leading down here.
You climb downwards.
Found 11 gold pieces, a club, 6 poisoned darts and a robe.
Found a stone staircase leading up.
There is a stone staircase leading up here.
Unknown command.
An ogre comes into view. It is wielding a +0 giant spiked club.
Found a stone staircase leading down.
You see here 11 gold pieces.
An ogre is nearby!
An ogre is nearby!
You throw a stone {throwing}. The stone {throwing} hits the ogre.
The ogre shouts!
You throw a stone {throwing}.
The stone {throwing} barely misses the ogre.
You throw a stone {throwing}.
The stone {throwing} completely misses the ogre.
You throw a stone {throwing}. The stone {throwing} hits the ogre.
You throw a stone {throwing}.
The stone {throwing} hits the ogre but does no damage.
You reach to attack!
You barely miss the ogre. You hit the ogre. The ogre barely misses you.
You hit the ogre.
The ogre is poisoned.
The ogre closely misses you.
You barely miss the ogre. You puncture the ogre!
The ogre looks as sick as possible!
The ogre hits you with a +0 giant spiked club!! 😮 HP[-24]
You take 24 damage, and now have 29/53 hp.
MASSIVE DAMAGE!! (PAUSE) Unknown command.
You barely miss the ogre. You bite the ogre.
The ogre hits you with a +0 giant spiked club!!!
Ouch! That really hurt!
You die...

Skill      XL: |  1  2  3  4  5  6 |
---------------+-------------------+-----
Invocations    | 1 2 |  2.4
Short Blades   | 1 2 |  2.1
Long Blades    | 1 2 |  2.1
Axes           | 1 2 |  2.1
Maces & Flails | 1 2 |  2.1
Polearms       | 1 2 |  2.1
Staves         | 1 2 |  2.1
Slings         | 1 2 |  2.1
Bows           | 1 2 |  2.1
Crossbows      | 1 2 |  2.1
Throwing       | 1 2 |  2.1
Stealth        | 1 2 |  2.1
Shields        | 1 2 |  2.1
Spellcasting   | 1 2 |  2.1
Evocations     | 1 2 |  2.1
Conjurations   | 1 |  1.7
Hexes          | 1 |  1.7
Summonings     | 1 |  1.7
Necromancy     | 1 |  1.7
Translocations | 1 |  1.7
Transmutations | 1 |  1.7
Fire Magic     | 1 |  1.7
Ice Magic      | 1 |  1.7
Air Magic      | 1 |  1.7
Earth Magic    | 1 |  1.7
Poison Magic   | 1 |  1.7
Armour         | 5 |  5.1
Dodging        | 5 |  5.1
Fighting       | |  6.9
Unarmed Combat | |  6.9

Action                   |  1- 3 |  4- 6 || total
-------------------------+-------+-------++-------
Melee: Unarmed           |   117 |     9 ||   126
       Punch             |     4 |     2 ||     6
       Bite              |     4 |    10 ||    14
       Trident           |       |    89 ||    89
Throw: Stone             |     6 |    34 ||    40
Invok: Berserk           |       |     4 ||     4
       Trog's Hand       |       |     1 ||     1
  Use: Scroll            |     4 |     3 ||     7
       Potion            |       |     5 ||     5
 Stab: Sleeping          |     1 |     1 ||     2
Armor: Animal skin       |    24 |     8 ||    32
Dodge: Dodged            |    82 |    63 ||   145

Levels and vault maps discovered:
D:1:      dpeg_arrival_boxorama, layout_basic
D:2:      layout_rooms, shapermc_ecumenical_altar_totnotflames, serial_shops,
          nicolae_shop_competitors_out_of_business
D:3:      layout_loops_corners, nicolae_overflow_ecumenical_swirl
D:4:      layout_rooms, kennysheep_little_box, nicolae_shop_firing_range
D:5:      layout_rooms, serial_bayou_ford_a, nrook_uturn, hex_tiny,
          minmay_misc_feat_hallway

Notes
Turn   | Place    | Note
-------+----------+-------------------------------------------
     0 | D:1      | spaghetti the Gnoll Berserker began the quest for the Orb.
     0 | D:1      | Reached XP level 1. HP: 23/23 MP: 1/1
     0 | D:1      | magus.rc [v1.9.6]
    64 | D:1      | Reached XP level 2. HP: 23/29 MP: 2/2
   681 | D:1      | Reached XP level 3. HP: 35/35 MP: 3/3
   851 | D:1      | You fall into a shaft and drop 1 floor!
   930 | D:2      | You pick up a book of Minor Magic {forbidden} and begin
                  | reading...
   930 | D:2      | You add the spells Magic Dart, Call Imp and Mephitic Cloud
                  | to your library.
   936 | D:1      | Reached skill level 1 in Invocations
  1356 | D:2      | Reached ** piety under Trog
  1377 | D:2      | Found Vaxuck's Weapon Emporium.
  1686 | D:2      | Reached skill level 1 in Short Blades
  1686 | D:2      | Reached skill level 1 in Long Blades
  1686 | D:2      | Reached skill level 1 in Axes
  1686 | D:2      | Reached skill level 1 in Maces & Flails
  1686 | D:2      | Reached skill level 1 in Polearms
  1686 | D:2      | Reached skill level 1 in Staves
  1686 | D:2      | Reached skill level 1 in Slings
  1686 | D:2      | Reached skill level 1 in Bows
  1686 | D:2      | Reached skill level 1 in Crossbows
  1686 | D:2      | Reached skill level 1 in Throwing
  1686 | D:2      | Reached skill level 1 in Stealth
  1686 | D:2      | Reached skill level 1 in Shields
  1686 | D:2      | Reached skill level 1 in Spellcasting
  1686 | D:2      | Reached skill level 1 in Evocations
  1813 | D:2      | You pick up a book of Fire {forbidden} and begin reading...
  1813 | D:2      | You add the spells Fireball, Starburst and Ignition to your
                  | library.
  1826 | D:2      | Found a faded altar of an unknown god.
  1985 | D:1      | Reached XP level 4. HP: 39/41 MP: 5/5
  2066 | D:3      | HP: 15/61 [poisoned by an orc]
  2068 | D:3      | HP: 7/41 [poisoned by an orc]
  2073 | D:3      | HP: 4/41 [poisoned by an orc]
  2250 | D:3      | Found a faded altar of an unknown god.
  2293 | D:3      | Found an opulent altar of Gozag.
  2524 | D:3      | Reached skill level 1 in Conjurations
  2524 | D:3      | Reached skill level 1 in Hexes
  2524 | D:3      | Reached skill level 1 in Summonings
  2524 | D:3      | Reached skill level 1 in Necromancy
  2524 | D:3      | Reached skill level 1 in Translocations
  2524 | D:3      | Reached skill level 1 in Transmutations
  2524 | D:3      | Reached skill level 1 in Fire Magic
  2524 | D:3      | Reached skill level 1 in Ice Magic
  2524 | D:3      | Reached skill level 1 in Air Magic
  2524 | D:3      | Reached skill level 1 in Earth Magic
  2524 | D:3      | Reached skill level 1 in Poison Magic
  2752 | D:3      | Reached XP level 5. HP: 25/47 MP: 5/7
  3351 | D:4      | Noticed an ogre
  3355 | D:4      | Killed an ogre
  3357 | D:4      | Reached skill level 2 in Invocations
  3357 | D:4      | Reached XP level 6. HP: 53/53 MP: 8/8
  3444 | D:4      | Noticed a black bear
  3446 | D:4      | Found Cyczoyme's Firing Range.
  3450 | D:4      | Killed a black bear
  3451 | D:4      | Reached skill level 2 in Short Blades
  3451 | D:4      | Reached skill level 2 in Long Blades
  3451 | D:4      | Reached skill level 2 in Axes
  3451 | D:4      | Reached skill level 2 in Maces & Flails
  3451 | D:4      | Reached skill level 2 in Polearms
  3451 | D:4      | Reached skill level 2 in Staves
  3451 | D:4      | Reached skill level 2 in Slings
  3451 | D:4      | Reached skill level 2 in Bows
  3451 | D:4      | Reached skill level 2 in Crossbows
  3451 | D:4      | Reached skill level 2 in Throwing
  3451 | D:4      | Reached skill level 5 in Armour
  3451 | D:4      | Reached skill level 5 in Dodging
  3451 | D:4      | Reached skill level 2 in Stealth
  3451 | D:4      | Reached skill level 2 in Shields
  3451 | D:4      | Reached skill level 2 in Spellcasting
  3451 | D:4      | Reached skill level 2 in Evocations
  3456 | D:4      | Bought 2 javelins for 22 gold pieces
  4155 | D:4      | Found a glowing golden altar of the Shining One.
  4309 | D:5      | Entered Level 5 of the Dungeon
  4323 | D:5      | Mangled by an ogre

Vanquished Creatures
  A black bear (D:4)
  An ogre (D:4)
  A hound (D:3)
  A jelly (D:4)
  2 iguanas (D:4)
  3 gnolls (D:3)
  An ufetubus (D:4)
  A worm (D:2)
  2 dart slugs (D:4)
  6 orcs (D:3)
  7 bats
  10 endoplasms
  5 giant cockroaches
  9 goblins
  5 hobgoblins
  11 jackals
  5 kobolds
  A quokka (D:4)
  7 ball pythons
  3 frilled lizards
  8 rats
90 creatures vanquished.

Table legend:
 A = Non-vault XP
 B = Vault XP
 C = Vault XP percentage of total XP
 D = Non-vault monster count
 E = Vault monster count
 F = Vault count percentage of total count
                 A         B        C        D         E       F
            +---------+---------+-------+---------+---------+-------
      Total |     596 |       0 |   0.0 |      90 |       0 |   0.0
            +---------+---------+-------+---------+---------+-------
        D:1 |      57 |       0 |   0.0 |      31 |       0 |   0.0
        D:2 |      25 |       0 |   0.0 |      14 |       0 |   0.0
        D:3 |     121 |       0 |   0.0 |      22 |       0 |   0.0
        D:4 |     393 |       0 |   0.0 |      23 |       0 |   0.0
            +---------+---------+-------+---------+---------+-------

Illustrated notes

Table legend:
 A = Kills in this place as a percentage of kills in entire the game.
 B = Kills by you in this place as a percentage of kills by you in the entire game.
 C = Kills by friends in this place as a percentage of kills by friends in the entire game.
 D = Other kills in this place as a percentage of other kills in the entire game.
 E = Experience gained in this place as a percentage of experience gained in the entire game.
 F = Experience gained in this place divided by the number of levels of this place that you have seen.
                   A       B       C       D       E      F
               +-------+-------+-------+-------+-------+----------------------
         Total | 100.0 | 100.0 |   N/A |   N/A | 100.0 | 119.2
       Dungeon | 100.0 | 100.0 |   N/A |   N/A | 100.0 | 119.2
               +-------+-------+-------+-------+-------+----------------------

Table legend: (Time is in decaauts)
 A = Elapsed time spent in this place.
 B = Non-inter-level travel time spent in this place.
 C = Inter-level travel time spent in this place.
 D = Time resting spent in this place.
 E = Time spent auto-exploring this place.
 F = Levels seen in this place.
 G = Mean time per level.
                   A        B        C        D        E       F      G
               +--------+--------+--------+--------+--------+-----+--------+
         Total |   4356 |   4126 |    230 |    248 |   3281 |   5 |  871.2 |
       Dungeon |   4356 |   4126 |    230 |    248 |   3281 |   5 |  871.2 |
               +--------+--------+--------+--------+--------+-----+--------+

Top non-repeatable levels by time:
     D:3: 1470 daAuts
     D:1: 1290 daAuts
     D:4: 895 daAuts
     D:2: 684 daAuts
     D:5: 14 daAuts
